 Dungeon Crawl Stone Soup version 0.29.0-5-ge4962eb29e (webtiles) character file.

Game seed: 11543038331332445347

1397 Woods the Basher (level 8, -3/46 HPs)
             Began as a Gargoyle Fighter on Aug 30, 2022.
             Slain by Prince Ribbit (13 damage)
             ... on level 5 of the Dungeon.
             The game lasted 00:08:36 (5219 turns).

Woods the Basher (Gargoyle Fighter)                 Turns: 5219, Time: 00:08:37

Health: -3/46      AC: 13    Str: 20    XL:     8   Next: 69%
Magic:  8/8        EV:  9    Int: 15    God:
Gold:   229        SH:  4    Dex: 11    Spells: 7/7 levels left

rFire   . . .      SeeInvis .   a - +0 flail
rCold   . . .      Faith    .   c - +0 buckler
rNeg    + . .      Spirit   .   b - +0 scale mail
rPois   ∞          Reflect  .   l - +0 helmet
rElec   +          Harm     .   (no cloak)
rCorr   +          Rampage  .   (no gloves)
Will    .....                   (no boots)
Stlth   ..........              (no amulet)
HPRegen 0.15/turn               p - +6 ring of intelligence
MPRegen 0.11/turn               x - ring of resist corrosion

@: no status effects
A: sickness immunity, AC +5, negative energy resistance 1, electricity
resistance, torment resistance 1, petrification resistance
a: no special abilities


You were on level 5 of the Dungeon.
You visited 1 branch of the dungeon, and saw 5 of its levels.
You also visited: Ossuary.

You collected 229 gold pieces.

Inventory:

Hand Weapons
 a - a +0 flail (weapon)
Missiles
 F - 2 throwing nets (quivered)
Armour
 b - a +0 scale mail (worn)
 c - a +0 buckler (worn)
 l - a +0 helmet (worn)
 s - a +0 plate armour
Jewellery
 p - a +6 ring of intelligence (left hand)
 x - a ring of resist corrosion (right hand)
Wands
 E - a wand of flame (20)
Scrolls
 e - a scroll of immolation {unknown}
 g - 6 scrolls of identify {unknown}
 m - 2 scrolls of poison {unknown}
 t - a scroll of fear {unknown}
 u - 4 scrolls of fog {unknown}
 v - 2 scrolls of noise {unknown}
 y - a scroll of enchant weapon {unknown}
 A - 3 scrolls of teleportation {unknown}
 C - a scroll of brand weapon {unknown}
 D - a scroll of amnesia {unknown}
Potions
 d - 2 potions of might
 f - 2 potions of heal wounds {unknown}
 h - 2 potions of invisibility {unknown}
 i - a potion of mutation {unknown}
 j - a potion of ambrosia {unknown}
 k - 2 potions of degeneration {unknown}
 n - 3 potions of magic {unknown}
 o - 4 potions of attraction {unknown}
 q - 3 potions of curing {unknown}
 r - a potion of cancellation {unknown}
 w - a potion of experience {unknown}
 z - 3 potions of haste {unknown}


   Skills:
 - Level 3.2 Fighting
 + Level 10.6 Maces & Flails
 - Level 3.2 Armour
 - Level 3.2 Shields


You had 7 spell levels left.
You didn't know any spells.
Your spell library contained the following spells:

 Spells                   Type           Power      Damage    Failure   Level
 Beastly Appendage        Tmut           0%         N/A       69%         1
 Blink                    Tloc           0%         N/A       83%         2
 Wereblood                Tmut           0%         N/A       83%         2
 Lesser Beckoning         Tloc           0%         N/A       96%         3
 Spider Form              Tmut/Pois      0%         N/A       96%         3
 Summon Guardian Golem    Hex/Summ       0%         N/A       96%         3
 Petrify                  Tmut/Erth      0%         N/A       100%        4
 Manifold Assault         Tloc           0%         N/A       100%        5
 Metabolic Englaciation   Hex/Ice        0%         N/A       100%        5
 Orb of Destruction       Conj           0%         9d5       100%        7
 Spellforged Servitor     Conj/Summ      0%         N/A       100%        7
 Statue Form              Tmut/Erth      Unusable   N/A       N/A         6

Dungeon Overview and Level Annotations

Branches:
Dungeon (5/15)            Ossuary (visited)
 Temple: D:4-7

Altars:
Gozag

Shops:
D:2 (

Annotations:
D:5 Grinder, Prince Ribbit


Innate Abilities, Weirdness & Mutations

You are immune to sickness and miasma.
Your stone body is resilient. (AC +5)
You are immune to poison.
You resist negative energy. (rN+)
You are resistant to electric shocks. (rElec)
You are resistant to unholy torment.
You are immune to petrification.


Message History

The jelly closely misses you.
You hit the jelly.
Your hands burn!
The jelly is heavily wounded.
You hit the jelly.
Your hands burn!
The jelly is severely wounded.
The jelly barely misses you.
You sock the jelly!
You kill the jelly!
Menkaure, Prince of Dust comes into view.
Menkaure is nearby!
Menkaure is nearby!
You barely miss Menkaure. You hit Menkaure but do no damage.
Menkaure barely misses you.
You hit Menkaure.
Menkaure is lightly damaged.
Menkaure calls on the powers of darkness!
Your body is wracked with pain!
You hit Menkaure.
Menkaure is lightly damaged.
You sock Menkaure!
Menkaure is severely damaged.
Menkaure hits you!
You sock Menkaure!
You destroy Menkaure!
You start resting.
Prince Ribbit is nearby!
Prince Ribbit croaks regally.
Prince Ribbit blinks!
Prince Ribbit attacks as you move away!
Prince Ribbit hits you but does no damage.
Prince Ribbit sighs, "It's not easy being green!"
Prince Ribbit hits you!
As you read the scroll of summoning, it crumbles to dust.
Wisps of shadow whirl around you... You block Prince Ribbit's attack.
You sock Prince Ribbit!
Prince Ribbit is moderately wounded.
Prince Ribbit hits you!
* * * LOW HITPOINT WARNING * * *
Prince Ribbit hits you!
You die...

#.....###..###.#...#
#...#####........#.#
###...##............†.
#.....##§#...###.####.
#.#.........#.##.# .
#.#........###.#.# #.
# ##..#.....# ##. .
##.##OF#...... #
#.....@#......
#..##...w.$... #.
####l..... # ......
..... ##.#. .# #


You could see Prince Ribbit (ally target), a friendly ogre (summoned), a
friendly worm (summoned) and a friendly iguana (summoned).

Vanquished Creatures
  Menkaure (D:5)
  A centaur (D:4)
  A necrophage (D:5)
  8 scorpions (Ossuary)
  2 centaur zombies (Ossuary)
  3 hounds
  A jelly (D:5)
  2 human zombies (Ossuary)
  An orc wizard (D:5)
  An iguana (D:5)
  6 scorpion zombies (Ossuary)
  3 mummies (Ossuary)
  3 gnolls
  7 adders
  An ufetubus (D:4)
  A worm (D:5)
  A dart slug (D:2)
  5 orcs
  5 ball pythons
  9 endoplasms
  2 giant cockroaches (D:3)
  8 goblins
  6 hobgoblins
  3 jackals (D:3)
  7 quokkas
  5 bats
  A frilled lizard (D:1)
  3 goblin zombies (Ossuary)
  2 hobgoblin zombies (Ossuary)
  5 kobolds
  2 kobold zombies (Ossuary)
  3 orc zombies (Ossuary)
  10 rats
119 creatures vanquished.

Notes
Turn   | Place    | Note
-------+----------+-------------------------------------------
     0 | D:1      | Woods the Gargoyle Fighter began the quest for the Orb.
     0 | D:1      | Reached XP level 1. HP: 14/14 MP: 1/1
   139 | D:1      | Reached XP level 2. HP: 18/19 MP: 2/2
   496 | D:1      | Reached skill level 3 in Maces & Flails
   879 | D:1      | Found a faded altar of an unknown god.
   953 | D:2      | Found Tuydeuf's Weapon Boutique.
  1185 | D:2      | Reached XP level 3. HP: 23/23 MP: 3/3
  1935 | D:3      | Reached skill level 4 in Maces & Flails
  1935 | D:3      | Reached XP level 4. HP: 14/28 MP: 4/4
  2250 | D:3      | Noticed an ogre
  2756 | D:3      | Reached skill level 5 in Maces & Flails
  2756 | D:3      | Reached XP level 5. HP: 32/32 MP: 5/5
  2765 | D:3      | Found an opulent altar of Gozag.
  2929 | D:4      | Found a sand-covered staircase.
  2979 | Ossuary  | Entered an ossuary
  3068 | Ossuary  | Reached skill level 6 in Maces & Flails
  3112 | Ossuary  | Reached XP level 6. HP: 35/37 MP: 6/6
  3152 | Ossuary  | Reached skill level 7 in Maces & Flails
  3341 | Ossuary  | Reached XP level 7. HP: 38/41 MP: 7/7
  3461 | Ossuary  | Reached skill level 8 in Maces & Flails
  3694 | Ossuary  | Reached skill level 9 in Maces & Flails
  3694 | Ossuary  | Reached XP level 8. HP: 46/46 MP: 8/8
  4583 | D:5      | Entered Level 5 of the Dungeon
  4583 | D:5      | Noticed Prince Ribbit
  4811 | D:5      | Noticed Grinder
  4890 | D:5      | Reached skill level 10 in Maces & Flails
  5174 | D:5      | Noticed Menkaure
  5181 | D:5      | Killed Menkaure
  5219 | D:5      | Slain by Prince Ribbit

Illustrated notes

Levels and vault maps discovered:
D:1:      dpeg_arrival_shelter, layout_basic, ebering_ecumenical_altar_rust
D:2:      minmay_general_purpose_star, layout_basic, serial_shops,
          nicolae_shop_bloodbath_and_beyond, minmay_misc_feat_secret_circle
D:3:      layout_rooms, mainiacjoe_overflow_alcove_2
D:4:      minmay_evil_eye, layout_cave_pods,
          nicolae_ossuary_entry_false_entrances
D:5:      layout_loops_ring, grunt_decor_junction, uniq_menkaure,
          uniq_prince_ribbit1, uniq_grinder

Skill      XL: |  1  2  3  4  5  6  7  8 |
---------------+-------------------------+-----
Maces & Flails | 3 4 5 6 7 9 10 | 10.6
Fighting       | |  3.2
Armour         | |  3.2
Shields        | |  3.2

Action                   |  1- 3 |  4- 6 |  7- 9 || total
-------------------------+-------+-------+-------++-------
Melee: Flail             |    91 |   171 |   263 ||   525
  Use: Scroll            |       |       |     1 ||     1
Armor: Scale mail        |    70 |    97 |   131 ||   298
Dodge: Dodged            |    63 |    70 |   102 ||   235
Block: Buckler           |    21 |    36 |    55 ||   112
